 Dungeon Crawl Stone Soup version 0.24-a0-462-ge24419a6ad (webtiles) character file.

Game seed: 12975330573838958370

127296 vurker the Thaumaturge (level 17, 0/133 HPs)
             Began as a Gnoll Skald on July 1, 2019.
             Was the Champion of Cheibriados.
             Slain by the 27-headed Lernaean hydra (3 damage)
             ... on level 4 of the Swamp.
             The game lasted 01:27:15 (29079 turns).

vurker the Thaumaturge (Gnoll Skald)               Turns: 29079, Time: 01:27:15

Health: 0/133      AC: 19    Str: 30    XL:     17   Next: 0%
Magic:  21/33      EV: 24    Int: 35    God:    Cheibriados [******]
Gold:   583        SH: 15    Dex: 31    Spells: 16/40 levels left

rFire    + . .     SeeInvis +   a - +1 scimitar (flame)
rCold    . . .     Gourm    .   G - +0 shield
rNeg     . . .     Faith    .   p - +1 ring mail {rF+}
rPois    +         Spirit   .   q - +0 helmet {SInv}
rElec    .         Reflect  .   h - +1 cloak {+Inv}
rCorr    .         Harm     .   F - +0 pair of gloves
MR       +....                  N - +1 pair of boots {Fly}
Stlth    +++++.....             y - amulet of regeneration
HPRegen  0.72/turn              T - +3 ring of protection
MPRegen  0.23/turn              u - ring of poison resistance

@: flying, very slightly contaminated, invisible, very slow
A: distributed training, fangs 1, strong nose
a: Bend Time, Temporal Distortion, Slouch, Step From Time, Renounce Religion,
Stop Flying


You were on level 4 of the Swamp.
You worshipped Cheibriados.
Cheibriados was exalted by your worship.
You were not hungry.

You visited 5 branches of the dungeon, and saw 28 of its levels.
You also visited: Bailey.

You collected 3065 gold pieces.
You spent 2482 gold pieces at shops.

Inventory:

Hand Weapons
 a - a +1 scimitar of flaming (weapon)
   (You took it off Erica on level 11 of the Dungeon)
 w - a +1 war axe of electrocution
   (You took it off an orc warrior on level 1 of the Orcish Mines)
Missiles
 m - 6 throwing nets (quivered) {!f}
Armour
 h - a +1 cloak of invisibility (worn)
   (You took it off Crazy Yiuf on level 2 of the Dungeon)
 p - a +1 ring mail of fire resistance (worn)
   (You took it off Duvessa on level 7 of the Dungeon)
 q - a +0 helmet of see invisible (worn)
   (You bought it in a shop on level 2 of the Orcish Mines)
 F - a +0 pair of gloves (worn)
   (You found it on level 4 of the Dungeon)
 G - a +0 shield (worn)
   (You found it on level 10 of the Dungeon)
 N - a +1 pair of boots of flying (worn)
   (You acquired it on level 2 of the Lair of Beasts)
Magical Staves
 b - an uncursed staff of earth
   (You found it on level 6 of the Lair of Beasts)
Jewellery
 o - an uncursed ring of protection from cold
   (You took it off an orc on level 11 of the Dungeon)
 u - a ring of poison resistance (right hand)
   (You found it on level 12 of the Dungeon)
 y - an amulet of regeneration (around neck)
   (You found it on level 4 of the Dungeon)
 T - a +3 ring of protection (left hand)
   (You found it on level 12 of the Dungeon)
Wands
 c - a wand of disintegration (11)
   (You found it on level 9 of the Dungeon)
 d - a wand of iceblast (13)
   (You found it on level 3 of the Dungeon)
 t - a wand of flame (36)
   (You took it off Ijyb on level 3 of the Dungeon)
 v - a wand of digging (6)
   (You found it on level 9 of the Dungeon)
 x - a wand of acid (2)
   (You took it off a goblin on level 3 of the Dungeon)
 D - a wand of scattershot (3)
   (You found it on level 5 of the Dungeon)
Scrolls
 g - 7 scrolls of teleportation {@r4}
 k - 3 scrolls of enchant weapon
 l - 8 scrolls of identify {@r1}
 n - 2 scrolls of fear
 s - 12 scrolls of remove curse {@r2}
 z - a scroll of summoning
 B - 3 scrolls of magic mapping
 O - 2 scrolls of immolation {!r}
 P - 4 scrolls of enchant armour
 S - 2 scrolls of fog
Potions
 i - 7 potions of curing {@q1}
 j - 4 potions of invisibility
 A - 2 potions of magic
 C - 2 potions of mutation {!q}
 E - 4 potions of lignification {!q}
 I - 2 potions of ambrosia
 J - 2 potions of brilliance
 K - 7 potions of might
 L - a potion of flight
 R - 3 potions of agility
Comestibles
 e - 18 rations {!d}
 f - 4 chunks of flesh


   Skills:
 + Level 11.8 Fighting
 + Level 11.0 Short Blades
 + Level 11.0 Long Blades
 + Level 11.0 Axes
 + Level 11.0 Maces & Flails
 + Level 11.8 Polearms
 + Level 11.0 Staves
 + Level 11.0 Slings
 + Level 11.0 Bows
 + Level 11.0 Crossbows
 + Level 11.0 Throwing
 + Level 11.3 Armour
 + Level 11.8 Dodging
 + Level 11.0 Stealth
 + Level 11.0 Shields
 + Level 11.0 Unarmed Combat
 + Level 12.0 Spellcasting
 + Level 9.4 Conjurations
 + Level 9.4 Hexes
 + Level 10.8 Charms
 + Level 9.4 Summonings
 + Level 9.4 Necromancy
 + Level 9.4 Translocations
 + Level 9.4 Transmutations
 + Level 9.4 Fire Magic
 + Level 9.4 Ice Magic
 + Level 9.4 Air Magic
 + Level 9.4 Earth Magic
 + Level 9.4 Poison Magic
 + Level 11.9 Invocations
 + Level 11.0 Evocations


You had 16 spell levels left.
You knew the following spells:

 Your Spells              Type           Power        Failure   Level  Hunger
c - Summon Mana Viper     Hex/Summ       ######..     2%          5    None
e - Apportation           Tloc           ######       1%          1    None
q - Regeneration          Chrm/Necr      #######...   1%          3    None
w - Deflect Missiles      Chrm/Air       #######...   11%         6    ####...
x - Summon Lightning Spi  Summ/Air       ######..     1%          4    None
z - Lee's Rapid Deconstr  Erth           ######....   2%          5    None

Your spell library contained the following spells:

 Spells                   Type           Power        Failure   Level  Hunger
 Animate Skeleton         Necr           N/A          1%          1    None
 Beastly Appendage        Tmut           ######       1%          1    None
 Confusing Touch          Hex            ######       1%          1    None
 Corona                   Hex            ######.      1%          1    None
 Infusion                 Chrm           ####         1%          1    None
 Sandblast                Erth           ######       1%          1    None
 Sting                    Conj/Pois      ####         1%          1    None
 Summon Small Mammal      Summ           ####         1%          1    None
 Ensorcelled Hibernation  Hex/Ice        ######       1%          2    None
 Passwall                 Tmut/Erth      ######..     1%          2    None
 Poisonous Vapours        Pois/Air       ######       1%          2    None
 Shroud of Golubria       Chrm/Tloc      ######       1%          2    None
 Song of Slaying          Chrm           #######.     1%          2    None
 Sticks to Snakes         Tmut           ######..     1%          2    None
 Confuse                  Hex            ######..     1%          3    None
 Dazzling Spray           Conj/Hex       ######       1%          3    None
 Mephitic Cloud           Conj/Pois/Air  ######..     1%          3    None
 Recall                   Summ/Tloc      N/A          1%          3    None
 Spectral Weapon          Hex/Chrm       #######.     1%          3    None
 Spider Form              Tmut/Pois      ######....   1%          3    None
 Stone Arrow              Conj/Erth      ######       1%          3    None
 Tukima's Dance           Hex            ######..     1%          3    None
 Cause Fear               Hex            ######....   1%          4    None
 Ice Form                 Ice/Tmut       ######..     1%          4    None
 Olgreb's Toxic Radiance  Pois           ######..     1%          4    None
 Petrify                  Tmut/Erth      ######..     1%          4    None
 Iskenderun's Battlesphe  Conj/Chrm      #######.     1%          5    None
 Alistair's Intoxication  Tmut/Pois      ######..     2%          5    None
 Aura of Abjuration       Summ           ######....   2%          5    None
 Blade Hands              Tmut           ######....   2%          5    None
 Bolt of Magma            Conj/Fire/Erth ######....   2%          5    None
 Silence                  Hex/Air        ######....   2%          5    None
 Summon Demon             Summ           ######....   2%          5    None
 Summon Forest            Summ/Tloc      ######....   2%          5    None
 Venom Bolt               Conj/Pois      ######....   2%          5    None
 Yara's Violent Unravell  Hex/Tmut       ######....   2%          5    None
 Conjure Ball Lightning   Conj/Air       ######....   14%         6    ####...
 Iron Shot                Conj/Erth      ######....   14%         6    ####...
 Shadow Creatures         Summ           N/A          14%         6    ####...
 Dragon Form              Tmut           ######....   63%         7    #####..
 Orb of Destruction       Conj           ######....   63%         7    #####..
 Spellforged Servitor     Conj/Summ      ######....   63%         7    #####..
 Discord                  Hex            ######....   99%         8    #######
 Tornado                  Air            ######....   100%        9    #######


Dungeon Overview and Level Annotations

Branches:
Dungeon (15/15)            Temple (1/1) D:7            Lair (6/6) D:9
  Swamp (4/4) Lair:3        Snake (0/4) Lair:4        Slime (0/5) Lair:5
    Orc (2/2) D:11            Elf (0/3) Orc:2        Vaults (0/5) D:14
 Depths (0/5) D:15

Altars:
Ashenzari
Cheibriados
Dithmenos
Elyvilon
Fedhas
Gozag
Hepliaklqana
Kikubaaqudgha
Makhleb
Nemelex Xobeh
Okawaru
Qazlal
Ru
Sif Muna
Trog
Uskayaw
Vehumet
Wu Jian
Xom
Yredelemnul
Zin
The Shining One
Beogh

Shops:
D:11 (   D:14 :   Orc:2 }[(}

Annotations:
D:7 3 runed translucent doors, pk666's ghost, novice DEWz
D:14 1 runed translucent door
Lair:3 exclusion: oklob plant
Swamp:4 Lernaean hydra


Innate Abilities, Weirdness & Mutations

Your experience applies equally to all skills.
You have very sharp teeth.
Your uncanny sense of smell can sniff out nearby items.


Message History

The 27-headed Lernaean hydra bites your lightning spire.
The 27-headed Lernaean hydra bites your lightning spire but does no damage.
The 27-headed Lernaean hydra bites your lightning spire.
The 27-headed Lernaean hydra bites your lightning spire but does no damage.
The 27-headed Lernaean hydra bites your lightning spire! x2
The 27-headed Lernaean hydra bites your lightning spire.
The 27-headed Lernaean hydra bites your lightning spire but does no damage. x2
The 27-headed Lernaean hydra bites your lightning spire!
The 27-headed Lernaean hydra bites your lightning spire but does no damage.
The 27-headed Lernaean hydra bites your lightning spire!
Your lightning spire is destroyed!
The 27-headed Lernaean hydra bites your mana viper! x3
The 27-headed Lernaean hydra bites your mana viper.
The 27-headed Lernaean hydra bites your mana viper!
The 27-headed Lernaean hydra closely misses your mana viper.
The 27-headed Lernaean hydra bites your mana viper.
The 27-headed Lernaean hydra bites your mana viper!
Your mana viper dies!
The 27-headed Lernaean hydra roars deafeningly!
You hear a deafening roar!
You hear a roar! x2
Your mana viper barely misses the 27-headed Lernaean hydra.
You block the 27-headed Lernaean hydra's attack.
The 27-headed Lernaean hydra closely misses you.
You block the 27-headed Lernaean hydra's attack.
The 27-headed Lernaean hydra misses you.
You block the 27-headed Lernaean hydra's attack.
The 27-headed Lernaean hydra bites you but does no damage.
The 27-headed Lernaean hydra misses you.
The 27-headed Lernaean hydra bites you!
* * * LOW HITPOINT WARNING * * *
The 27-headed Lernaean hydra bites you.
* * * LOW HITPOINT WARNING * * *
The 27-headed Lernaean hydra misses you.
The 27-headed Lernaean hydra bites you but does no damage.
The 27-headed Lernaean hydra completely misses you.
The 27-headed Lernaean hydra barely misses you.
The 27-headed Lernaean hydra bites you!
* * * LOW HITPOINT WARNING * * *
The 27-headed Lernaean hydra bites you but does no damage. x2
You block the 27-headed Lernaean hydra's attack.
The 27-headed Lernaean hydra bites you but does no damage.
The 27-headed Lernaean hydra misses you.
The 27-headed Lernaean hydra bites you.
* * * LOW HITPOINT WARNING * * *
You block the 27-headed Lernaean hydra's attack.
The 27-headed Lernaean hydra bites you!
* * * LOW HITPOINT WARNING * * *
The 27-headed Lernaean hydra bites you but does no damage. x2
The 27-headed Lernaean hydra bites you.
You die...

≈.♣..♣♣≈§♣≈≈
≈.÷÷.≈♣♣♣.≈.. .≈≈≈.♣♣
≈≈≈. ♣♣ ♣♣ ≈≈≈≈≈♣ ≈≈ ≈♣
≈♣♣ ≈≈≈≈.♣ ♣♣≈♣♣..♣♣
≈≈≈≈.♣ ♣..♣.≈.≈♣ ≈≈≈..♣
♣♣♣♣...≈≈≈.♣♣
≈≈≈.≈♣♣♣♣♣♣♣≈≈≈.♣♣.....♣
.≈≈≈≈≈≈..≈♣♣.≈≈S@≈....%♣♣
.≈≈≈≈≈≈≈≈≈♣♣.≈≈D..$...§.♣
≈≈...≈.≈≈≈.♣≈≈≈≈..≈..≈§≈♣
..♣♣...≈≈≈.≈.≈≈..≈.≈.≈§♣♣
♣♣♣.≈≈..≈≈≈..≈..≈≈♣≈≈≈.♣
♣.≈≈≈≈≈≈≈.≈≈.≈≈.≈....♣
♣♣≈≈≈≈≈≈≈≈≈≈.≈≈≈♣♣...♣
♣.≈≈≈≈≈≈≈≈≈.♣♣♣♣ ...♣
♣...≈≈≈≈≈≈≈.♣ ..♣♣


You could see the 27-headed Lernaean hydra and a friendly mana viper.

Vanquished Creatures
  Jorgrun (D:12)
  Gastronok (Lair:3)
  5 thorn hunters
  An orc warlord (Orc:2)
  A very ugly thing (Swamp:1)
  Snorg (Lair:3)
  Josephine (D:15)
  Harold (D:9)
  A rakshasa (D:15)
  Fannar (D:10)
  16 hydras
  3 catoblepae (Lair:6)
  4 two-headed ogres
  3 centaur warriors
  13 alligators
  An ogre mage (D:15)
  Erica (D:11)
  12 death yaks
  A deep elf knight (D:15)
  Nergalle (Orc:1)
  3 unseen horrors
  2 wizards (D:14)
  A deep troll (D:15)
  3 swamp dragons
  An orc sorcerer (Orc:2)
  2 cyclopes
  6 ugly things
  3 manticores
  6 elephants (Lair:6)
  A black mamba (Lair:1)
  2 centaur zombies
  A gargoyle (D:13)
  13 spiny frogs
  5 rime drakes
  6 komodo dragons
  2 ice devils (D:14)
  5 trolls
  7 tyrant leeches
  A polar bear (Lair:3)
  A troll (shapeshifter) (D:10)
  4 hornets
  36 slime creatures
  11 hippogriffs
  4 dream sheep (Lair:4)
  14 blink frogs
  2 bog bodies
  2 spriggans
  A water elemental (D:15)
  4 wyverns
  2 wraiths (D:15)
  Sigmund (D:2)
  A shadow (Swamp:3)
  35 yaks
  2 basilisks
  A steam dragon (D:10)
  Grum (D:9)
  3 wargs
  6 vampire mosquitoes
  2 hungry ghosts (D:13)
  8 insubstantial wisps
  5 water moccasins
  10 swamp worms
  15 swamp drakes
  8 porcupines
  3 sky beasts
  Duvessa (D:7)
  27 orc warriors
  An eye of draining (D:12)
  A necrophage (D:13)
  4 ice beasts
  A black bear (Lair:1)
  2 phantoms
  2 wolves (D:9)
  16 centaurs
  12 ogres
  10 crocodiles
  3 big kobolds
  13 bullfrogs
  2 wyvern skeletons
  A wyvern zombie (D:12)
  5 scorpions
  Dowan (D:7)
  12 killer bees
  An electric eel (Lair:5)
  4 wights
  11 howler monkeys
  6 crimson imps
  2 bullfrog zombies
  A hound (shapeshifter) (D:15)
  9 jellies
  2 quasits
  Crazy Yiuf (D:2)
  8 hounds
  24 orc priests
  19 orc wizards
  3 centaur skeletons
  Ijyb (D:3)
  Terence (D:3)
  4 iguanas
  8 worker ants
  A hound zombie (D:5)
  2 hound skeletons
  3 worker ant zombies
  5 gnolls
  11 adders
  2 shadow imps (D:13)
  2 oozes
  An adder skeleton (D:6)
  4 worms
  2 dart slugs (D:1)
  3 leopard geckos
  67 orcs
  12 bats
  5 giant cockroaches
  12 goblins
  3 hobgoblins
  3 jackals (D:4)
  5 quokkas
  A ball python skeleton (D:4)
  2 frilled lizards
  18 kobolds
  A leopard gecko zombie (D:5)
  A quokka skeleton (D:6)
  9 rats
  A spectral weapon (D:11)
716 creatures vanquished.

Vanquished Creatures (collateral kills)
  5 hydras
  2 ghost crabs
  3 shambling mangroves
  A two-headed ogre (D:14)
  2 alligators
  2 death yaks (Lair:6)
  An orc high priest (Orc:1)
  A spriggan (Swamp:1)
  A fire crab (shapeshifter) (D:15)
  2 unseen horrors
  5 swamp dragons
  2 orc knights (Orc:2)
  A manticore (Lair:6)
  An orc sorcerer (Orc:2)
  An ugly thing (D:15)
  An elephant (Lair:6)
  A centaur skeleton (D:15)
  Psyche (D:12)
  4 spiny frogs
  A yaktaur (D:15)
  An efreet (D:14)
  A troll (Orc:1)
  5 hornets
  A tyrant leech (Swamp:4)
  3 dream sheep (Lair:4)
  17 slime creatures
  A hippogriff (Lair:6)
  4 bog bodies
  4 blink frogs
  A shadow (Swamp:2)
  A vampire (D:15)
  11 yaks
  4 wraiths
  6 vampire mosquitoes
  2 swamp worms (Swamp:2)
  7 insubstantial wisps
  2 wargs (Orc:2)
  An acid dragon (D:14)
  A black bear (D:13)
  12 orc warriors
  3 swamp drakes
  An eye of draining (D:13)
  An ogre (Orc:1)
  3 crocodiles
  A gnoll sergeant (D:12)
  A scorpion (D:13)
  3 wights (D:12)
  A hound (D:14)
  8 jellies (Lair:5)
  8 orc priests
  2 orc wizards (Orc:2)
  4 gnolls (D:12)
  40 orcs
199 creatures vanquished.

Vanquished Creatures (others)
  2 blink frogs
  A vampire mosquito (Swamp:3)
  An orc (Orc:2)
  2 briar patches (Swamp:4)
  8 fungi
  3 plants
  3 spectral weapons
20 creatures vanquished.

Grand Total: 935 creatures vanquished

Notes
Turn   | Place    | Note
-------+----------+-------------------------------------------
     0 | D:1      | vurker the Gnoll Skald began the quest for the Orb.
     0 | D:1      | Reached XP level 1. HP: 20/20 MP: 6/6
   216 | D:1      | Reached XP level 2. HP: 23/26 MP: 7/7
   926 | D:2      | Reached XP level 3. HP: 28/31 MP: 9/9
   945 | D:2      | Learned a level 3 spell: Spectral Weapon
   949 | D:2      | Learned a level 3 spell: Regeneration
   985 | D:2      | Noticed Sigmund
  1030 | D:2      | Reached skill level 5 in Spellcasting
  1155 | D:2      | Found a runed translucent door.
  1156 | D:2      | Noticed Crazy Yiuf
  1227 | D:2      | Killed Sigmund
  1227 | D:2      | Reached skill level 1 in Short Blades
  1227 | D:2      | Reached skill level 1 in Long Blades
  1227 | D:2      | Reached skill level 1 in Axes
  1227 | D:2      | Reached skill level 1 in Maces & Flails
  1227 | D:2      | Reached skill level 1 in Staves
  1227 | D:2      | Reached skill level 1 in Slings
  1227 | D:2      | Reached skill level 1 in Bows
  1227 | D:2      | Reached skill level 1 in Crossbows
  1227 | D:2      | Reached skill level 1 in Throwing
  1227 | D:2      | Reached skill level 1 in Stealth
  1227 | D:2      | Reached skill level 1 in Shields
  1227 | D:2      | Reached skill level 1 in Unarmed Combat
  1227 | D:2      | Reached skill level 1 in Conjurations
  1227 | D:2      | Reached skill level 1 in Hexes
  1227 | D:2      | Reached skill level 1 in Summonings
  1227 | D:2      | Reached skill level 1 in Necromancy
  1227 | D:2      | Reached skill level 1 in Translocations
  1227 | D:2      | Reached skill level 1 in Transmutations
  1227 | D:2      | Reached skill level 1 in Fire Magic
  1227 | D:2      | Reached skill level 1 in Ice Magic
  1227 | D:2      | Reached skill level 1 in Air Magic
  1227 | D:2      | Reached skill level 1 in Earth Magic
  1227 | D:2      | Reached skill level 1 in Poison Magic
  1227 | D:2      | Reached skill level 1 in Invocations
  1227 | D:2      | Reached skill level 1 in Evocations
  1227 | D:2      | Reached XP level 4. HP: 3/38 MP: 2/11
  1227 | D:2      | Reached XP level 5. HP: 4/43 MP: 2/12
  1930 | D:2      | Killed Crazy Yiuf
  2337 | D:3      | Reached XP level 6. HP: 50/50 MP: 13/13
  2692 | D:3      | Found a blossoming altar of Fedhas.
  2692 | D:3      | Noticed Ijyb
  2700 | D:3      | Noticed Terence
  2701 | D:3      | Killed Ijyb
  2723 | D:3      | Killed Terence
  3234 | D:4      | Reached skill level 5 in Fighting
  3234 | D:4      | Reached skill level 5 in Polearms
  3234 | D:4      | Reached skill level 5 in Dodging
  3826 | D:5      | Entered Level 5 of the Dungeon
  3860 | D:5      | Found a white marble altar of Elyvilon.
  3883 | D:5      | Found a sparkling altar of Nemelex Xobeh.
  4053 | D:5      | Reached XP level 7. HP: 56/56 MP: 11/15
  5127 | D:6      | Reached XP level 8. HP: 52/63 MP: 13/16
  6059 | D:7      | Found a runed translucent gate.
  6059 | D:7      | Found a runed translucent gate.
  6059 | D:7      | Found a runed translucent gate.
  6060 | D:7      | Noticed pk666's ghost (novice DEWz)
  6123 | D:7      | Reached skill level 6 in Spellcasting
  6219 | D:7      | Noticed Duvessa
  6219 | D:7      | Noticed Dowan
  6573 | D:7      | Killed Dowan
  6580 | D:7      | Killed Duvessa
  6694 | D:7      | Found a staircase to the Ecumenical Temple.
  6824 | Temple   | Entered the Ecumenical Temple
  7069 | Temple   | Became a worshipper of Cheibriados the Contemplative
  7206 | D:8      | Reached XP level 9. HP: 69/69 MP: 18/18
  7447 | D:8      | Reached * piety under Cheibriados
  7715 | D:8      | Reached skill level 5 in Armour
  7947 | D:8      | Found a glowing golden altar of the Shining One.
  8105 | D:8      | Reached skill level 5 in Invocations
  8373 | D:9      | Noticed a death yak
  8488 | D:9      | Noticed a brown ugly thing
  8498 | D:9      | Noticed Grum
  8508 | D:9      | Reached ** piety under Cheibriados
  8517 | D:9      | Killed Grum
  8517 | D:9      | Reached skill level 7 in Spellcasting
  8517 | D:9      | Reached XP level 10. HP: 50/77 MP: 13/20
  8762 | D:9      | Found an ornate altar of the Wu Jian Council.
  8766 | D:9      | Found a flagged portal.
  8778 | Bailey   | Entered a bailey
  8852 | D:9      | Identified the Catalogue of Transmigration
  8965 | D:9      | Reached skill level 5 in Short Blades
  8965 | D:9      | Reached skill level 5 in Long Blades
  8965 | D:9      | Reached skill level 5 in Axes
  8965 | D:9      | Reached skill level 5 in Maces & Flails
  8965 | D:9      | Reached skill level 5 in Staves
  8965 | D:9      | Reached skill level 5 in Slings
  8965 | D:9      | Reached skill level 5 in Bows
  8965 | D:9      | Reached skill level 5 in Crossbows
  8965 | D:9      | Reached skill level 5 in Throwing
  8965 | D:9      | Reached skill level 5 in Stealth
  8965 | D:9      | Reached skill level 5 in Shields
  8965 | D:9      | Reached skill level 5 in Unarmed Combat
  8965 | D:9      | Reached skill level 5 in Evocations
  8997 | D:9      | Noticed a death yak
  9001 | D:9      | Killed a death yak
  9004 | D:9      | Noticed a death yak
  9010 | D:9      | Killed a death yak
  9021 | D:9      | Killed a death yak
  9145 | D:9      | Reached *** piety under Cheibriados
  9182 | D:9      | Found a staircase to the Lair.
  9238 | D:9      | Reached XP level 11. HP: 83/84 MP: 17/22
  9283 | D:9      | Got an encrusted scimitar
  9284 | D:9      | Identified the +7 scimitar "Rurghatto" {holy, *Rage rPois
                  | Str+5 Dex+3} (You found it on level 9 of the Dungeon)
  9321 | D:9      | Noticed Harold
  9334 | D:9      | Killed Harold
  9428 | D:9      | Killed a brown ugly thing
  9473 | D:10     | Entered Level 10 of the Dungeon
  9547 | D:10     | Noticed Fannar
  9558 | D:10     | Reached skill level 5 in Conjurations
  9558 | D:10     | Reached skill level 5 in Hexes
  9558 | D:10     | Reached skill level 5 in Summonings
  9558 | D:10     | Reached skill level 5 in Necromancy
  9558 | D:10     | Reached skill level 5 in Translocations
  9558 | D:10     | Reached skill level 5 in Transmutations
  9558 | D:10     | Reached skill level 5 in Fire Magic
  9558 | D:10     | Reached skill level 5 in Ice Magic
  9558 | D:10     | Reached skill level 5 in Air Magic
  9558 | D:10     | Reached skill level 5 in Earth Magic
  9558 | D:10     | Reached skill level 5 in Poison Magic
  9560 | D:10     | Killed Fannar
  9560 | D:10     | Reached skill level 8 in Spellcasting
  9671 | D:10     | Reached **** piety under Cheibriados
  9976 | D:10     | Killed an unseen horror
  9999 | D:10     | Noticed a centaur warrior
 10010 | D:10     | Killed a centaur warrior
 10106 | D:10     | Reached ***** piety under Cheibriados
 10431 | D:11     | Noticed a purple ugly thing
 10464 | D:11     | Found Kaicuuh's Antique Weapon Shoppe.
 10464 | D:11     | Noticed a cyan ugly thing
 10473 | D:10     | Killed a purple ugly thing
 10478 | D:11     | Noticed a cyclops
 10479 | D:11     | Reached XP level 12. HP: 93/93 MP: 19/24
 10542 | D:11     | Noticed a centaur warrior
 10542 | D:11     | Noticed an ogre mage
 10618 | D:11     | Noticed a two-headed ogre
 10624 | D:11     | Killed a two-headed ogre
 10954 | D:11     | Noticed Erica
 10959 | D:11     | Killed Erica
 11050 | D:11     | Noticed a seven-headed hydra
 11058 | D:11     | Killed a four-headed hydra
 11078 | D:11     | Reached skill level 9 in Spellcasting
 11130 | D:11     | Found a staircase to the Orcish Mines.
 11597 | Lair:1   | Entered Level 1 of the Lair of Beasts
 11611 | Lair:1   | Noticed a six-headed hydra
 11624 | Lair:1   | Killed a 17-headed hydra
 11849 | Lair:1   | Noticed a seven-headed hydra
 11863 | Lair:1   | Killed a two-headed hydra
 11863 | Lair:1   | Reached XP level 13. HP: 39/101 MP: 22/26
 12734 | Lair:2   | Identified a scroll of acquirement
 13352 | Lair:3   | Found a staircase to the Swamp.
 13393 | Lair:3   | Reached ****** piety under Cheibriados
 13575 | Lair:3   | Noticed Gastronok
 13589 | Lair:3   | Killed Gastronok
 13656 | Lair:3   | Noticed Snorg
 13665 | Lair:3   | Killed Snorg
 14315 | Lair:4   | Got an ancient dagger
 14352 | Lair:4   | Learned a level 4 spell: Summon Lightning Spire
 14844 | Lair:4   | Reached skill level 10 in Spellcasting
 14849 | Lair:4   | Reached XP level 14. HP: 69/109 MP: 19/28
 14986 | Lair:4   | Found a staircase to the Snake Pit.
 15390 | Lair:5   | Found a staircase to the Slime Pits.
 15611 | Lair:5   | Reached skill level 10 in Fighting
 15611 | Lair:5   | Reached skill level 10 in Polearms
 15611 | Lair:5   | Reached skill level 10 in Dodging
 15889 | Lair:6   | Entered Level 6 of the Lair of Beasts
 16574 | Lair:6   | Reached skill level 10 in Invocations
 17058 | D:11     | Learned a level 6 spell: Deflect Missiles
 17520 | D:12     | Noticed Jorgrun
 17531 | D:12     | Killed Jorgrun
 17798 | D:12     | Noticed Psyche
 17801 | D:12     | Killed Psyche
 18961 | D:13     | Reached XP level 15. HP: 117/117 MP: 29/29
 19316 | D:14     | Reached skill level 10 in Armour
 19338 | D:14     | Found a gate to the Vaults.
 19552 | D:14     | Found Zeytyrgh's Book Emporium.
 19564 | D:14     | Bought a book of Summonings for 1050 gold pieces
 19570 | D:14     | Learned a level 5 spell: Summon Mana Viper
 20226 | D:14     | Found a runed translucent door.
 20596 | D:15     | Entered Level 15 of the Dungeon
 20810 | D:15     | Noticed Josephine
 20890 | D:15     | Killed Josephine
 20898 | D:15     | Reached skill level 11 in Spellcasting
 21004 | D:15     | Reached skill level 10 in Charms
 21104 | D:15     | Found a staircase to the Depths.
 21725 | Orc:1    | Entered Level 1 of the Orcish Mines
 21855 | Orc:1    | Reached skill level 10 in Short Blades
 21855 | Orc:1    | Reached skill level 10 in Long Blades
 21855 | Orc:1    | Reached skill level 10 in Axes
 21855 | Orc:1    | Reached skill level 10 in Maces & Flails
 21855 | Orc:1    | Reached skill level 10 in Staves
 21855 | Orc:1    | Reached skill level 10 in Slings
 21855 | Orc:1    | Reached skill level 10 in Bows
 21855 | Orc:1    | Reached skill level 10 in Crossbows
 21855 | Orc:1    | Reached skill level 10 in Throwing
 21855 | Orc:1    | Reached skill level 10 in Stealth
 21855 | Orc:1    | Reached skill level 10 in Shields
 21855 | Orc:1    | Reached skill level 10 in Unarmed Combat
 21855 | Orc:1    | Reached skill level 10 in Evocations
 22118 | Orc:2    | Entered Level 2 of the Orcish Mines
 22192 | Orc:2    | Found a staircase to the Elven Halls.
 22420 | Orc:1    | Noticed Nergalle
 22428 | Orc:1    | Killed Nergalle
 22744 | Orc:2    | Noticed an orc warlord
 22756 | Orc:2    | Killed an orc warlord
 22893 | Orc:2    | Found Niluod Zoki's Antique Armour Boutique.
 22895 | Orc:2    | Found a roughly hewn altar of Beogh.
 22921 | Orc:2    | Found Sabicodu's Antique Weapon Shop.
 22972 | Orc:2    | Found a roughly hewn altar of Beogh.
 23003 | Orc:2    | Found a roughly hewn altar of Beogh.
 23016 | Orc:2    | Found Waiguobb's Gadget Emporium.
 23137 | Orc:2    | Found a roughly hewn altar of Beogh.
 23160 | Orc:2    | Found a roughly hewn altar of Beogh.
 23272 | Orc:2    | Found a roughly hewn altar of Beogh.
 23273 | Orc:2    | Found Danicof's Gadget Emporium.
 23410 | Orc:2    | Bought a glowing helmet for 232 gold pieces
 23635 | D:14     | Bought a book of Power for 675 gold pieces
 23635 | D:14     | Bought a book of Geomancy for 525 gold pieces
 23637 | D:14     | Learned a level 1 spell: Apportation
 23643 | D:14     | Learned a level 5 spell: Lee's Rapid Deconstruction
 24031 | Swamp:1  | Entered Level 1 of the Swamp
 24892 | Swamp:1  | Reached XP level 16. HP: 111/125 MP: 22/31
 27303 | Swamp:3  | Noticed a thorn hunter
 27315 | Swamp:3  | Killed a thorn hunter
 27358 | Swamp:3  | Noticed a thorn hunter
 27369 | Swamp:3  | Killed a thorn hunter
 28082 | Swamp:4  | Entered Level 4 of the Swamp
 28082 | Swamp:4  | Noticed a thorn hunter
 28101 | Swamp:4  | Killed a thorn hunter
 28188 | Swamp:4  | Noticed a thorn hunter
 28284 | Swamp:3  | Killed a thorn hunter
 28695 | Swamp:4  | Noticed the 27-headed Lernaean hydra
 28744 | Swamp:4  | Noticed a thorn hunter
 28749 | Swamp:4  | Killed a thorn hunter
 28833 | Swamp:4  | Reached skill level 12 in Spellcasting
 29013 | Swamp:4  | Reached XP level 17. HP: 126/133 MP: 30/33
 29079 | Swamp:4  | HP: 3/133 [the 27-headed Lernaean hydra (7)]
 29079 | Swamp:4  | Slain by the 27-headed Lernaean hydra

Levels and vault maps discovered:
D:1:      minmay_arrival_four_loops, layout_basic
D:2:      layout_basic, uniq_crazy_yiuf_cottage, uniq_sigmund
D:3:      layout_loops_ring, fedhas_ov_isle_minmay, uniq_ijyb, uniq_terence
D:4:      layout_basic
D:5:      layout_basic, grunt_temple_overflow_open, first_ration
D:6:      layout_loops_corners, minmay_misc_feat_doors
D:7:      layout_rooms, lemuel_temple_firewalk_b, gammafunk_ghost_nasty_kobolds,
          uniq_duvessa
D:8:      layout_basic, the_bakery, st_stairs_9, tso_metal_star
D:9:      layout_roguey, lemuel_crystal_altar, dpeg_lair_monsters,
          enter_bailey_3, uniq_harold, uniq_grum
D:10:     layout_long_grid, uniq_fannar
D:11:     layout_long_grid, erik_orc_1, serial_shops, nicolae_shop_statue_plus,
          minivault_12, uniq_erica
D:12:     layout_loops_ring, uniq_jorgrun, uniq_psyche
D:13:     layout_grid_maze, special_room [special_room_orc],
          minmay_misc_feat_encased
D:14:     layout_basic, david_vaults_1, serial_shops, shop,
          portal_ice_cave_demonic_guard, hangedman_decor_push, lightli_airlock
D:15:     hangedman_depths_entry_civil_slaughter, layout_gridville,
          fountainhead, uniq_josephine
Temple:   dpeg_five_rooms_temple
Lair:1:   layout_loops_ring, hangedman_lair_unloving_vines
Lair:2:   layout_chaotic_city
Lair:3:   layout_cave_pods, skrybe_swamp_entry_bodies, minmay_lair_oklob_items,
          lemuel_fruit_fields, infiniplex_staircase_pool, uniq_gastronok,
          uniq_snorg
Lair:4:   layout_regular_city, dummy_snake_entry
Lair:5:   layout_gridlike, minmay_slime_entry_jelly_boxes,
          infiniplex_staircase_pool_2
Lair:6:   evilmike_catoblepas_cave, layout_long_grid, st_stairs_3
Swamp:1:  layout_falls_marsh, evilmike_swamp_ruin_house_1
Swamp:2:  layout_falls_marsh, evilmike_swamp_ruin_rubble_1
Swamp:3:  layout_basic_swamp, nicolae_swamp_stair_fork
Swamp:4:  swamp, layout_basic_swamp
Orc:1:    layout_caves, uniq_nergalle
Orc:2:    grunt_orc_community_town_hall, layout_caves,
          grunt_orc_community_big_house_1, grunt_orc_community_big_house_2,
          grunt_orc_community_house_1, grunt_orc_community_house_1,
          grunt_orc_community_house_3, grunt_orc_community_house_2

Skill      XL: |  1  2  3  4  5  6  7  8  9 10 11 12 13 14 15 16 |
---------------+-------------------------------------------------+-----
Spellcasting   | 5 6 7 8 9 10 11 12 | 12.0
Short Blades   | 1 2 3 4 5 6 7 8 9 10 11 | 11.0
Long Blades    | 1 2 3 4 5 6 7 8 9 10 11 | 11.0
Axes           | 1 2 3 4 5 6 7 8 9 10 11 | 11.0
Maces & Flails | 1 2 3 4 5 6 7 8 9 10 11 | 11.0
Staves         | 1 2 3 4 5 6 7 8 9 10 11 | 11.0
Slings         | 1 2 3 4 5 6 7 8 9 10 11 | 11.0
Bows           | 1 2 3 4 5 6 7 8 9 10 11 | 11.0
Crossbows      | 1 2 3 4 5 6 7 8 9 10 11 | 11.0
Throwing       | 1 2 3 4 5 6 7 8 9 10 11 | 11.0
Armour         | 3 4 5 6 7 8 9 10 11 | 11.3
Stealth        | 1 2 3 4 5 6 7 8 9 10 11 | 11.0
Shields        | 1 2 3 4 5 6 7 8 9 10 11 | 11.0
Unarmed Combat | 1 2 3 4 5 6 7 8 9 10 11 | 11.0
Conjurations   | 1 2 3 4 5 6 7 8 9 |  9.4
Hexes          | 1 2 3 4 5 6 7 8 9 |  9.4
Summonings     | 1 2 3 4 5 6 7 8 9 |  9.4
Necromancy     | 1 2 3 4 5 6 7 8 9 |  9.4
Translocations | 1 2 3 4 5 6 7 8 9 |  9.4
Transmutations | 1 2 3 4 5 6 7 8 9 |  9.4
Fire Magic     | 1 2 3 4 5 6 7 8 9 |  9.4
Ice Magic      | 1 2 3 4 5 6 7 8 9 |  9.4
Air Magic      | 1 2 3 4 5 6 7 8 9 |  9.4
Earth Magic    | 1 2 3 4 5 6 7 8 9 |  9.4
Poison Magic   | 1 2 3 4 5 6 7 8 9 |  9.4
Invocations    | 1 2 3 4 5 6 7 8 9 10 11 | 11.9
Evocations     | 1 2 3 4 5 6 7 8 9 10 11 | 11.0
Fighting       | 5 6 7 8 9 10 11 | 11.8
Polearms       | 5 6 7 8 9 10 11 | 11.8
Dodging        | 5 6 7 8 9 10 11 | 11.8
Charms         | 6 7 8 9 10 | 10.8

Action                   |  1- 3 |  4- 6 |  7- 9 | 10-12 | 13-15 | 16-18 || total
-------------------------+-------+-------+-------+-------+-------+-------++-------
Melee: Spear             |   126 |   237 |   529 |       |       |       ||   892
       Bite              |     4 |    28 |    65 |    86 |   274 |   122 ||   579
       Punch             |       |       |     9 |     5 |       |       ||    14
       Trident           |       |       |    27 |    98 |       |       ||   125
       Scimitar          |       |       |       |   249 |   833 |   422 ||  1504
       War axe           |       |       |       |       |    96 |       ||    96
 Cast: Spectral Weapon   |     3 |     7 |    20 |    28 |     9 |       ||    67
       Regeneration      |     1 |     2 |    11 |     9 |     8 |       ||    31
       Summon Lightning  |       |       |       |       |    52 |    14 ||    66
       Summon Mana Viper |       |       |       |       |    43 |    85 ||   128
Invok: Slouch            |       |       |       |     2 |     1 |     2 ||     5
Evoke: Wand              |       |     1 |     4 |     8 |     7 |       ||    20
  Use: Scroll            |       |       |    20 |     4 |     9 |     3 ||    36
       Potion            |       |       |     1 |     3 |     1 |     3 ||     8
 Stab: Sleeping          |     3 |     9 |    12 |     7 |    41 |     5 ||    77
       Invisible         |       |     5 |       |       |       |       ||     5
       Distracted        |       |       |     3 |     2 |    24 |    15 ||    44
  Eat: Chunk             |     1 |     3 |    12 |     6 |     4 |     1 ||    27
       Ration            |       |     2 |     1 |       |     7 |     2 ||    12
Armor: Leather armour    |    27 |     5 |       |       |       |       ||    32
       Robe              |       |    34 |   103 |       |       |       ||   137
       Ring mail         |       |       |     9 |   116 |   214 |   183 ||   522
Dodge: Dodged            |    77 |   121 |   364 |   343 |   592 |   479 ||  1976
Block: Shield            |       |       |       |   250 |   675 |   409 ||  1334
       Rpst.: Scimitar   |       |       |       |    65 |   111 |    89 ||   265

Table legend:
 A = Non-vault XP
 B = Vault XP
 C = Vault XP percentage of total XP
 D = Non-vault monster count
 E = Vault monster count
 F = Vault count percentage of total count
                 A         B        C        D         E       F
            +---------+---------+-------+---------+---------+-------
      Total |  133952 |   47900 |  26.3 |     702 |     214 |  23.4
            +---------+---------+-------+---------+---------+-------
        D:1 |      27 |       0 |   0.0 |      14 |       0 |   0.0
        D:2 |      34 |     254 |  88.2 |      21 |       2 |   8.7
        D:3 |      53 |      72 |  57.6 |      17 |       2 |  10.5
        D:4 |      85 |       0 |   0.0 |      11 |       0 |   0.0
        D:5 |     641 |       0 |   0.0 |      20 |       0 |   0.0
        D:6 |     378 |       0 |   0.0 |      10 |       0 |   0.0
        D:7 |     687 |     204 |  22.9 |      20 |       2 |   9.1
        D:8 |    1514 |     277 |  15.5 |      33 |       2 |   5.7
        D:9 |    1857 |    5025 |  73.0 |      29 |      16 |  35.6
       D:10 |    5878 |     960 |  14.0 |      40 |       1 |   2.4
       D:11 |    7519 |    1462 |  16.3 |      44 |      18 |  29.0
       D:12 |    5863 |    3206 |  35.4 |      38 |       2 |   5.0
       D:13 |    5321 |     821 |  13.4 |      24 |      24 |  50.0
       D:14 |    4478 |    2834 |  38.8 |      21 |       5 |  19.2
       D:15 |    7176 |    4904 |  40.6 |      21 |      12 |  36.4
     Lair:1 |    8464 |       0 |   0.0 |      29 |       0 |   0.0
     Lair:2 |    2289 |       0 |   0.0 |      11 |       0 |   0.0
     Lair:3 |    3068 |    3598 |  54.0 |      10 |       3 |  23.1
     Lair:4 |   11690 |       0 |   0.0 |      41 |       0 |   0.0
     Lair:5 |    3533 |     423 |  10.7 |       9 |      15 |  62.5
     Lair:6 |    4182 |    9148 |  68.6 |      15 |      25 |  62.5
    Swamp:1 |   13674 |       0 |   0.0 |      38 |       0 |   0.0
    Swamp:2 |   12960 |       0 |   0.0 |      49 |       0 |   0.0
    Swamp:3 |   20093 |    3566 |  15.1 |      60 |       5 |   7.7
    Swamp:4 |    8561 |    6538 |  43.3 |      20 |      13 |  39.4
      Orc:1 |    2151 |     594 |  21.6 |      30 |       1 |   3.2
      Orc:2 |    1776 |    4014 |  69.3 |      27 |      66 |  71.0
            +---------+---------+-------+---------+---------+-------
